 Dungeon Crawl Stone Soup version 0.17.1-3-g152610e (webtiles) character file.

128 inmateoo the Chopper (level 4, -4/46 HPs)
             Began as a High Elf Berserker on Feb 22, 2016.
             Was a Believer of Trog.
             Slain by an orc warrior
             ... wielding a +1 dire flail of protection
              (10 damage)
             ... on level 3 of the Dungeon.
             The game lasted 00:04:01 (1611 turns).

inmateoo the Chopper (High Elf Berserker)           Turns: 1611, Time: 00:04:01

Health: -4/46      AC: 11    Str: 22    XL:     4   Next: 87%
Magic:  5/5        EV:  6    Int: 11    God:    Trog [**....]
Gold:   108        SH:  3    Dex: 14    Spells: 0 memorised, 3 levels left

rFire  . . .     SeeInvis .     a - +0 hand axe
rCold  . . .     Clarity  .     d - +0 plate armour (curse)
rNeg   . . .     SustAt   .     m - +0 buckler
rPois  .         Gourm    .     (no helmet)
rElec  .         Spirit   .     (no cloak)
rCorr  .         Warding  .     (no gloves)
rMut   .         Stasis   .     (no boots)
MR     .....                    (no amulet)
Stlth  ..........               (no ring)
                                (no ring)

@: berserking (expiring), very quick, not resistant to hostile enchantments,
extremely unstealthy
A: no striking features
a: Berserk, Trog's Hand, Burn Spellbooks, Renounce Religion


You were on level 3 of the Dungeon.
You worshipped Trog.
Trog was pleased with you.
You were hungry.

You visited 1 branch of the dungeon, and saw 3 of its levels.

You collected 108 gold pieces.

Inventory:

Hand Weapons
 a - a +0 hand axe (weapon)
 n - a +0 war axe
Armour
 d - a cursed +0 plate armour (worn)
 j - a +0 pair of boots
 m - a +0 buckler (worn)
Scrolls
 b - a scroll of enchant weapon {unknown}
 e - 4 scrolls of teleportation {unknown}
 g - a scroll of random uselessness {unknown}
 h - a scroll of magic mapping {unknown}
 i - a scroll of noise {unknown}
 k - a scroll of identify {unknown}
Potions
 f - 3 potions of lignification {unknown}
 l - 2 potions of curing {unknown}
Comestibles
 c - 3 bread rations
 o - a beef jerky


   Skills:
 - Level 3.0 Fighting
 * Level 4.1 Axes
 + Level 2.8 Armour
 - Level 2.1 Dodging
 + Level 0.0 Shields


You had 3 spell levels left.
You didn't know any spells.

Dungeon Overview and Level Annotations

Branches:
Dungeon (3/15)

Altars:
Cheibriados
Dithmenos
Trog
Xom


Message History

You slash the orc warrior!
The orc warrior is heavily wounded.
The orc warrior hits you with a dire flail of protection!
You hit the orc warrior.
The orc warrior is severely wounded.
You hit the orc warrior but do no damage.
The orc warrior is severely wounded.
The orc warrior hits you but does no damage.
You closely miss the orc warrior.
The orc warrior is severely wounded.
The orc warrior hits you with a dire flail of protection!
* * * LOW HITPOINT WARNING * * *
You are too injured to fight recklessly!
You are too injured to fight recklessly!
You hit the orc warrior but do no damage.
The orc warrior is severely wounded.
You hit the orc warrior.
The orc warrior is almost dead.
The orc warrior hits you with a dire flail of protection!
You die...

#..####.#
#...#####....##.#
#..).##<#
#...#####....>..#
#.##.##.#
#.........##..... #.
#..#.# #...#############
#. ##.#.# #...# # #.
#.#.# #...# ### #. #...#
#.>.# #### #.. #.
##..######.####..######..
#.....o@............##.#
#
##.#####............##.#
##.####.#
##...........##.#
........#
#...........#..#
.......o##
#...(.<.......##
.........# #.####.....###
.........# #.# ##...#.#
#######..# #.# #..### .#
#..# #.# #.##


You could see an orc warrior.

Vanquished Creatures
  Natasha (twice) (D:3)
  An orc priest (D:3)
  3 adders
  A worm (D:3)
  7 orcs (D:3)
  2 bats (D:2)
  A giant cockroach (D:1)
  5 goblins
  6 jackals (D:2)
  2 giant newts
  5 kobolds (D:2)
  A rat (D:2)
36 creatures vanquished.

Notes
Turn   | Place    | Note
--------------------------------------------------------------
     0 | D:1      | inmateoo the High Elf Berserker began the quest for the Orb.
     0 | D:1      | Reached XP level 1. HP: 16/16 MP: 2/2
   135 | D:2      | Reached XP level 2. HP: 15/21 MP: 3/3
   559 | D:2      | Found a snail-covered altar of Cheibriados.
   846 | D:2      | Reached XP level 3. HP: 26/26 MP: 4/4
  1068 | D:3      | Reached ** piety under Trog
  1120 | D:3      | Noticed an orc warrior
  1181 | D:3      | Found a shadowy altar of Dithmenos.
  1199 | D:3      | Noticed Natasha
  1206 | D:3      | Reached XP level 4. HP: 31/31 MP: 5/5
  1211 | D:3      | Killed Natasha
  1211 | D:3      | Reached skill level 4 in Axes
  1292 | D:3      | Found a shimmering altar of Xom.
  1294 | D:3      | Noticed Natasha
  1304 | D:3      | Killed Natasha
  1527 | D:3      | Found a bloodstained altar of Trog.
  1611 | D:3      | Slain by an orc warrior

Action                   |  1- 3 |  4- 6 || total
-------------------------+-------+-------++-------
Melee: Hand axe          |    82 |    33 ||   115
Invok: Berserk           |     4 |     2 ||     6
  Eat: Chunk             |     4 |     3 ||     7
